 Dungeon Crawl Stone Soup version 0.28.0-53-g5a82cb258f (webtiles) character file.

Game seed: 4644817890937678285

184 Zeld the Chopper (level 5, -8/43 (48) HPs)
             Began as a Minotaur Berserker on May 28, 2022.
             Was a Believer of Trog.
             Killed from afar by Natasha (12 damage)
             ... with a puff of flame
             ... on level 3 of the Dungeon.
             The game lasted 00:01:30 (2525 turns).

Zeld the Chopper (Minotaur Berserker)               Turns: 2525, Time: 00:01:30

HP:   -8/43 (48)    AC: 11    Str: 24    XL:     5   Next: 36%
MP:   4/4           EV:  7    Int:  4    God:    Trog [**....]
Gold: 43            SH:  0    Dex:  9    Spells: 4/4 levels left

rFire   . . .      SeeInvis .   a - +0 hand axe
rCold   . . .      Faith    .   (no shield)
rNeg    . . .      Spirit   .   b - +0 plate armour
rPois   .          Reflect  .   (helmet restricted)
rElec   .          Harm     .   (no cloak)
rCorr   .          Rampage  .   (no gloves)
Will    .....                   (no boots)
Stlth   ..........              (no amulet)
HPRegen 0.14/turn               (no ring)
MPRegen 0.09/turn               (no ring)

@: heavily drained
A: horns 2, retaliatory headbutt
a: Renounce Religion, Berserk, Trog's Hand


You were on level 3 of the Dungeon.
You worshipped Trog.
Trog was pleased with you.
You visited 1 branch of the dungeon, and saw 3 of its levels.

You collected 43 gold pieces.

Inventory:

Hand Weapons
 a - a +0 hand axe (weapon)
Armour
 b - a +0 plate armour (worn)
Scrolls
 c - a scroll of noise {unknown}
 d - 2 scrolls of teleportation {unknown}
 e - 2 scrolls of identify {unknown}
 i - a scroll of silence {unknown}
 k - a scroll of brand weapon {unknown}
Potions
 f - a potion of magic {unknown}
 g - a potion of lignification {unknown}
 h - 2 potions of haste {unknown}
 j - a potion of heal wounds {unknown}


   Skills:
 * Level 5.1 Fighting
 * Level 5.2 Axes
 + Level 3.5 Armour
 + Level 3.1 Dodging


You had 4 spell levels left.
You didn't know any spells.
Your spell library was empty.

Dungeon Overview and Level Annotations

Branches:
Dungeon (3/15)

Altars:

Shops:
D:2 (

Annotations:
D:3 Natasha


Innate Abilities, Weirdness & Mutations

You have a pair of horns on your head.
You reflexively headbutt those who attack you in melee.


Message History

You hit the wight but do no damage. You headbutt the wight.
The wight is heavily damaged.
The dart slug launches a dart at you. The slug dart hits you.
The wight hits you with a +2 dagger.
You closely miss the wight.
The wight is heavily damaged.
A ball python comes into view.
You closely miss the wight.
The ball python hisses angrily.
Your headbutt misses the wight.
Unknown command.
Unknown command.
You barely miss the wight. Your headbutt misses the wight.
The wight hits you with a +0 great sword.
You feel drained. The dart slug launches a dart at you.
The slug dart hits you but does no damage.
Unknown command.
You hit the wight.
The wight is moderately damaged.
The wight hits you but does no damage. The dart slug launches a dart at you.
The slug dart hits you but does no damage.
The wight hits you with a +0 great sword!
You feel drained.
You are too injured to fight recklessly!
Unknown command.
You are too injured to fight recklessly!
Unknown command.
You are too injured to fight recklessly!
The wight hits you with a +2 dagger.
You feel drained. The wight hits you but does no damage.
The wight hits you with a +0 great sword.
* * * LOW HITPOINT WARNING * * *
Natasha, Servant of Life and Death comes into view.
She is carrying a wand of flame (8).
A ball python comes into view.
Found an opal ring.
Natasha zaps a wand.
The puff of flame hits you.
* * * LOW HITPOINT WARNING * * *
Natasha zaps a wand.
The puff of flame hits you!
You die...

.##....≈≈≈≈≈##.≈≈≈
.......†≈≈#≈#).≈.≈
#h....≈#≈≈≈(8.≈≈
##......†≈≈≈≈≈≈≈≈
..........†≈≈≈≈≈≈≈
####........≈≈.≈≈#
#....S.<.##.###
#..>..zz## #
#.....@##
#####...# .......
#..........
##..S....###
........#
###.=...## #.....#


You could see 2 wights, Natasha and 2 ball pythons.

Vanquished Creatures
  Terence (D:2)
  Natasha (D:3)
  7 gnolls (D:2)
  2 adders (D:2)
  3 dart slugs (D:3)
  A ball python (D:2)
  5 endoplasms (D:1)
  3 giant cockroaches
  4 goblins
  7 hobgoblins
  A quokka (D:1)
  5 bats
  3 frilled lizards
  3 kobolds (D:1)
  3 rats (D:1)
49 creatures vanquished.

Notes
Turn   | Place    | Note
-------+----------+-------------------------------------------
     0 | D:1      | Zeld the Minotaur Berserker began the quest for the Orb.
     0 | D:1      | Reached XP level 1. HP: 19/19 MP: 0/0
   361 | D:1      | Reached XP level 2. HP: 24/27 MP: 1/1
   660 | D:1      | Found a faded altar of an unknown god.
  1091 | D:1      | Reached XP level 3. HP: 30/33 MP: 2/2
  1322 | D:2      | Reached ** piety under Trog
  1357 | D:2      | Noticed Terence
  1369 | D:2      | Killed Terence
  1718 | D:2      | Reached XP level 4. HP: 40/41 MP: 3/3
  2143 | D:2      | Reached skill level 5 in Axes
  2143 | D:2      | Reached XP level 5. HP: 45/47 MP: 4/4
  2145 | D:2      | Reached skill level 5 in Fighting
  2244 | D:2      | Found Rieraath's Weapon Shop.
  2504 | D:3      | Noticed Natasha
  2511 | D:3      | Killed Natasha
  2523 | D:3      | Noticed Natasha
  2525 | D:3      | Killed from afar by Natasha

Illustrated notes

Levels and vault maps discovered:
D:1:      minmay_arrival_open_corners, layout_loops_ring,
          chequers_ecumenical_altar_island
D:2:      layout_basic, serial_shops, shop, serial_corexii_hall,
          corexii_hall_statues_t, chequers_hall_statues_wall_a,
          corexii_hall_statues_i, corexii_hall_statues_s, uniq_terence
D:3:      kennysheep_slugbush, layout_rooms, uniq_natasha, uniq_grinder,
          uniq_crazy_yiuf_cottage

Skill      XL: |  1  2  3  4  5 |
---------------+----------------+-----
Fighting       | 4 5 |  5.1
Axes           | 4 5 |  5.2
Armour         | 3 |  3.5
Dodging        | 3 |  3.1

Action                   |  1- 3 |  4- 6 || total
-------------------------+-------+-------++-------
Melee: Hand axe          |    78 |    49 ||   127
       Headbutt          |    10 |     8 ||    18
       Punch             |     1 |     1 ||     2
Invok: Berserk           |     1 |       ||     1
Armor: Animal skin       |    11 |       ||    11
       Plate armour      |     4 |    24 ||    28
Dodge: Dodged            |    44 |    13 ||    57
